 Dungeon Crawl Stone Soup version 0.30-a0-883-g5ad918d77d (webtiles) character file.

Game seed: 2432973294570245317

30 iguanaiguana the Chiller (level 3, -11/27 HPs)
             Began as an Armataur Ice Elementalist on Mar 16, 2023.
             Killed by an exploding goblin (25 damage)
             ... ignited by their inner flame
             ... on level 3 of the Dungeon.
             The game lasted 00:02:15 (270 turns).

iguanaiguana the Chiller (Armataur Ice Elementalist) Turns: 270, Time: 00:02:16

Health: -11/27     AC:  4    Str: 13    XL:     3   Next: 3%
Magic:  3/5        EV:  9    Int: 17    God:
Gold:   40         SH:  0    Dex: 10    Spells: 1/5 levels left

rFire   . . .      SeeInvis .    d - +0 dagger
rCold   . . .      Faith    .    (no shield)
rNeg    . . .      Spirit   .    a - +0 robe
rPois   .          Reflect  .    (no helmet)
rElec   .          Roll     +    (no cloak)
rCorr   .                        (no gloves)
Will    .....                    (no barding)
Stlth   ++                       (no amulet)
HPRegen 0.24/turn                (no ring)
MPRegen 0.09/turn                (no ring)

@: brilliant, freezing walls
A: large, rugged brown scales 3, deformed body, armoured tail, roll, long
tongue, awkward tongue
a: no special abilities


You were on level 3 of the Dungeon.
You visited 1 branch of the dungeon, and saw 3 of its levels.

You collected 40 gold pieces.

Inventory:

Hand Weapons
 d - a +0 dagger (weapon)
Armour
 a - a +0 robe (worn)
Potions
 b - a potion of magic


   Skills:
 - Level 1.3 Dodging
 - Level 2.1 Stealth
 - Level 1.7 Spellcasting
 + Level 4.5 Ice Magic


You had one spell level left.
You knew the following spells:

 Your Spells              Type           Power      Damage    Failure   Level
a - Freeze                Ice            100%       1d10      3%          1
b - Frozen Ramparts       Ice            50%        1d8       9%          3

Your spell library contained the following spells:

 Spells                   Type           Power      Damage    Failure   Level
 Ozocubu's Armour         Ice            25%        N/A       9%          3
 Cigotuvi's Dreadful Rot  Necr/Pois/Air  4%         N/A       30%         2
 Poisonous Vapours        Pois/Air       4%         N/A       30%         2
 Mephitic Cloud           Conj/Pois/Air  2%         N/A       52%         3
 Summon Ice Beast         Ice/Summ       13%        N/A       61%         4


Dungeon Overview and Level Annotations

Branches:
Dungeon (3/15) Zot: 17729

Altars:

Annotations:
D:3 Jessica, Pargi, Terence


Innate Abilities, Weirdness & Mutations

You are completely covered in rugged brown scales. (AC +3, +7% HP)
Armour fits poorly on your strangely shaped body.
You have a long armoured tail.
You roll when moving toward enemies. (Rampage)
Your long tongue fully drains potion bottles. (2x potion effects)
Your tongue gives you trouble enunciating. (1.5x scroll delay)


Message History

It was a potion of brilliance.
You feel clever all of a sudden.
Jessica shouts!
The goblin shouts!
You hear a shout!
Jessica casts a spell.
Jessica blinks!
Jessica gestures at you while chanting.
You barely resist. Jessica casts a spell at you. Pain shoots through your body!
A hobgoblin comes into view.
A dart slug comes into view.
Terence and an orc come into view.
The orc shouts!
A goblin comes into view. It is wielding a +0 club.
You aren't carrying any scrolls.
You slurp down every last drop of the amethyst potion!
It was a potion of heal wounds.
You feel much better.
Jessica casts a spell.
Jessica blinks!
The goblin attacks as you move away! The kobold attacks as you move away!
The hobgoblin shouts!
The goblin attacks as you move away!
The goblin shouts!
The goblin attacks as you move away! Terence hits you with a +0 flail.
Casting: Freeze (safe; 3% risk of failure)
Confirm with . or Enter, or press ? or * to list all spells.
Casting: Frozen Ramparts (quite dangerous; 9% risk of failure)
Press: ? - help, Dir - look around, f - activate You feel a surge of power!
The walls around you are covered in ice.
The dart slug launches a dart at you. The slug dart hits you.
The wall freezes the kobold.
Flame seeps out of the kobold.
Jessica casts a spell.
Jessica seems to speed up.
Terence bares his teeth.
Terence hits you with a +0 flail!
The wall freezes the goblin!
The goblin explodes!
The fiery explosion engulfs you!!
Ouch! That really hurt!
You die...

#...........
#...........#
#...........#
#...........#
#...........#
#...w.......#
#..§@og.....#
#..@§K!.....#
#####T..#####
########.J.###..
#.........@.g.>.
#.......g........
#................
#................
#................
#.........?......


You could see Pargi (inner flame), Terence, a dart slug, Jessica (fast, inner
flame), an orc, an endoplasm (inner flame), a hobgoblin, a goblin and a kobold
(inner flame).

Vanquished Creatures
  An adder (D:2)
  A dart slug (D:2)
  An endoplasm (D:2)
  4 goblins
  2 hobgoblins (D:2)
  4 ball pythons (D:2)
  3 bats (D:2)
  A frilled lizard (D:2)
  3 kobolds (D:2)
20 creatures vanquished.

Notes
Turn   | Place    | Note
-------+----------+-------------------------------------------
     0 | D:1      | iguanaiguana the Armataur Ice Elementalist began the quest
                  | for the Orb.
     0 | D:1      | Reached XP level 1. HP: 14/14 MP: 3/3
    82 | D:2      | Reached skill level 4 in Ice Magic
    84 | D:2      | Reached XP level 2. HP: 19/21 MP: 0/4
   196 | D:2      | Reached XP level 3. HP: 20/27 MP: 1/5
   206 | D:2      | Learned a level 3 spell: Frozen Ramparts
   236 | D:2      | You fall into a shaft and drop 1 floor!
   253 | D:3      | Noticed Pargi
   253 | D:3      | Noticed Jessica
   265 | D:3      | Noticed Terence
   270 | D:3      | Killed by an exploding goblin... ignited by their inner
                  | flame

Illustrated notes

Levels and vault maps discovered:
D:1:      lemuel_arrival_river_ford, layout_basic, serial_shops, shop
D:2:      layout_rooms, chequers_ecumenical_altar_simple
D:3:      layout_basic, cheibrodos_sewer_entry_drain, uniq_pargi, uniq_jessica,
          uniq_terence

Skill      XL: |  1 |
---------------+----+-----
Ice Magic      | 4 |  4.5
Dodging        | |  1.3
Stealth        | |  2.1
Spellcasting   | |  1.7

Action                     || total
---------------------------++-------
  Melee: Dagger            ||    50
         Tailslap          ||     4
   Cast: Freeze            ||    12
         Frozen Ramparts   ||     1
    Use: Scroll            ||     2
         Potion            ||     2
   Stab: Sleeping          ||     1
 Armour: Robe              ||    41
  Dodge: Dodged            ||    44

Table legend: (Time is in decaauts)
 A = Elapsed time spent in this place.
 B = Non-inter-level travel time spent in this place.
 C = Inter-level travel time spent in this place.
 D = Time resting spent in this place.
 E = Time spent auto-exploring this place.
 F = Levels seen in this place.
 G = Mean time per level.
                   A        B        C        D        E       F      G
               +--------+--------+--------+--------+--------+-----+--------+
         Total |    270 |    270 |      0 |     14 |      0 |   3 |   90.0 |
       Dungeon |    270 |    270 |      0 |     14 |      0 |   3 |   90.0 |
               +--------+--------+--------+--------+--------+-----+--------+

Top non-repeatable levels by time:
     D:2: 222 daAuts
     D:3: 34 daAuts
     D:1: 13 daAuts
